 Dungeon Crawl Stone Soup version 0.30-a0-347-gf58ed5266c (webtiles) character file.

Game seed: 5479117688844460749

20 RascalDebosk the Magician (level 3, 0/25 HPs)
             Began as a Djinni Fire Elementalist on Nov 5, 2022.
             Engulfed by a cloud of flame (6 damage)
             ... on level 1 of the Dungeon.
             The game lasted 00:07:55 (877 turns).

RascalDebosk the Magician (Djinni Fire Elementalist) Turns: 877, Time: 00:07:55

Health: 0/25       AC:  2    Str:  7    XL:     3   Next: 0%
Gold:   66         EV: 12    Int: 18    God:
                   SH:  0    Dex: 13

rFire   + + .      SeeInvis .    s - +0 dagger
rCold   x . .      Faith    .    (no shield)
rNeg    . . .      Spirit   .    a - +0 robe
rPois   ∞          Reflect  .    (no helmet)
rElec   .          Harm     .    (no cloak)
rCorr   .          Rampage  .    (no gloves)
Will    .....                    (boots unavailable)
Stlth   ++........               (no amulet)
HPRegen 0.24/turn                (no ring)
MPRegen 0.00/turn                (no ring)

@: flying
A: sickness immunity, fire resistance 2, cold vulnerability 1, float, innate
caster, HP casting, extra vitality 1
a: no special abilities


You were on level 1 of the Dungeon.
You visited 1 branch of the dungeon, and saw 1 of its levels.

You collected 66 gold pieces.

Inventory:

Hand Weapons
 s - a +0 dagger (weapon)
Armour
 a - a +0 robe (worn)
Scrolls
 d - a scroll of fog {unknown}
 e - a scroll of immolation {unknown}
 g - a scroll of teleportation {unknown}
Potions
 b - a potion of haste {unknown}
 c - 3 potions of heal wounds {unknown}
 f - a potion of brilliance {unknown}
 h - a potion of curing {unknown}
 i - 2 potions of attraction {unknown}
 j - a potion of berserk rage {unknown}


   Skills:
 - Level 2.1 Dodging
 - Level 1.5 Stealth
 * Level 3.1 Spellcasting


You couldn't memorise any spells.
You knew the following spells:

 Your Spells              Type           Power      Damage    Failure   Level
a - Foxfire               Conj/Fire      56%        2x1d6     4%          1
b - Scorch                Fire           28%        2d6       7%          2
c - Kindle Blastsparks    Fire/Tloc/Air  28%        2d12      13%         3
d - Inner Flame           Hex/Fire       14%        N/A       13%         3
e - Flame Wave            Conj/Fire      14%        2d6       41%         4
f - Sandblast             Erth           28%        2d8       4%          1
Your spell library was empty.

Dungeon Overview and Level Annotations

Branches:
Dungeon (1/15)

Altars:


Innate Abilities, Weirdness & Mutations

You are immune to sickness and miasma.
You are immune to poison.
Your flesh is very heat resistant. (rF++)
You are vulnerable to cold. (rC-)
You float through the air rather than walking.
You learn spells naturally, not from books.
Your magical power is your life essence.
You have superior vitality. (+4 MHP)


Message History

A goblin is nearby!
Casting: Foxfire (safe; 5% risk of failure)
Confirm with . or Enter, or press ? or * to list all spells.
You conjure some foxfire!
Your foxfire dissipates!
There are no items here.
There are no items here.
Your foxfire dissipates!
The foxfire hits the goblin.
You kill the goblin!
Your foxfire dissipates!
Found 2 amethyst potions.
Found a dark potion and 7 gold pieces.
You see here a +0 dagger.
s - a +0 dagger
s - a +0 dagger (weapon)
Found a scroll labelled ENODAE EXKASAO.
You now have 47 gold pieces (gained 7).
b - a dark potion
c - 2 amethyst potions
d - a scroll labelled ENODAE EXKASAO You reach down and open the door.
There is an open door here.
You reach down and open the door.
There is an open door here.
There is an open door here.
You now have 50 gold pieces (gained 3).
e - a scroll labelled CIOKUAF AZXO As you open the door, it creaks loudly!
There is an open door here.
You now have 66 gold pieces (gained 16).
A frilled lizard comes into view.
The frilled lizard hisses angrily.
Casting: Foxfire (safe; 5% risk of failure)
Confirm with . or Enter, or press ? or * to list all spells.
You conjure some foxfire!
The foxfire hits the frilled lizard.
You kill the frilled lizard!
Your foxfire dissipates!
You reach down and open the door.
Found a leather armour.
There is an open door here.
f - a glowing golden potion You see here a +0 leather armour.
You reach down and open the door.
There is an open door here.
Found a chain mail.
You see here a +0 chain mail.
A ball python comes into view.
Casting: Foxfire (safe; 4% risk of failure)
Confirm with . or Enter, or press ? or * to list all spells.
You conjure some foxfire!
The foxfire hits the ball python.
You kill the ball python!
Your foxfire dissipates!
g - a scroll labelled QIAHEMU FETHO
c - 3 amethyst potions (gained 1)
h - a lumpy purple potion You reach down and open the door.
A kobold comes into view. It is wielding a +0 dagger.
Casting: Foxfire (safe; 4% risk of failure)
Confirm with . or Enter, or press ? or * to list all spells.
You conjure some foxfire!
The foxfire hits the kobold.
The kobold is severely wounded.
The kobold shouts!
The foxfire hits the kobold.
You kill the kobold!
You have reached level 3!
Your experience leads to an increase in your attributes!
Increase (s)trength, (i)ntelligence, or (d)exterity?
You feel clever. x2
The power to cast Sandblast wells up from within.
Spell assigned to 'f'.
Things that are here:
a +0 dagger; 3 stones
Things that are here:
a +0 dagger; 3 stones You reach down and open the door.
Found a faded altar of an unknown god.
There is an open door here.
i - 2 fuming inky potions
j - a fizzy brown potion A ball python comes into view.
Casting: Foxfire (safe; 4% risk of failure)
Confirm with . or Enter, or press ? or * to list all spells.
The spell is quite dangerous to miscast (13% risk of failure)!
Continue anyway?
Aiming: Inner Flame (quite dangerous; 13% risk of failure)
Press: ? - help, Dir - move target, f - ball python
Aim: a ball python (asleep, chance to affect: 81%)
The ball python hisses angrily.
The ball python is filled with an inner flame.
Casting: Inner Flame (quite dangerous; 13% risk of failure)
Confirm with . or Enter, or press ? or * to list all spells.
Flames lash the ball python.
The ball python explodes!
The fiery explosion engulfs you! You resist.
Ouch! That really hurt!
* * * LOW HITPOINT WARNING * * *
You are engulfed in blazing flames.
You resist.
You die...

#...#......#..#
#...#.###'##..#.
....#.#_...#..#.
#..#..######..#.
...#..........#.
...#.......#..#.
##.####.####..#§
##.#8#..#.8#..#.####
#....#..'.8#..#§@..#
.....#..#.8#..####.#
...#########..# #.#
........# #### #.#
........# #.#
........# #.#
........# #.#
........# #.#
#######.# #.#


There were no monsters in sight!

Vanquished Creatures
  3 ball pythons (D:1)
  A bat (D:1)
  2 endoplasms (D:1)
  3 goblins (D:1)
  2 hobgoblins (D:1)
  3 quokkas (D:1)
  A frilled lizard (D:1)
  2 kobolds (D:1)
  A rat (D:1)
18 creatures vanquished.

Vanquished Creatures (others)
  44 foxfires (D:1)
44 creatures vanquished.

Grand Total: 62 creatures vanquished

Notes
Turn   | Place    | Note
-------+----------+-------------------------------------------
     0 | D:1      | RascalDebosk the Djinni Fire Elementalist began the quest
                  | for the Orb.
     0 | D:1      | RascalDebosk set off with the following spells memorised:
                  | Foxfire, Scorch, Kindle Blastsparks, Inner Flame, Flame
                  | Wave.
     0 | D:1      | Reached XP level 1. HP: 15/15 MP: 0/0
   131 | D:1      | Reached XP level 2. HP: 16/21 MP: 0/0
   269 | D:1      | Reached skill level 3 in Spellcasting
   783 | D:1      | Reached XP level 3. HP: 25/25 MP: 0/0
   783 | D:1      | Learned a level 1 spell: Sandblast
   817 | D:1      | Found a faded altar of an unknown god.
   877 | D:1      | Engulfed by a cloud of flame

Illustrated notes

Levels and vault maps discovered:
D:1:      minmay_arrival_open_corners, layout_basic,
          shapermc_ecumenical_altar_mp_vishouse

Skill      XL: |  1  2 |
---------------+-------+-----
Spellcasting   | 3 |  3.1
Dodging        | |  2.1
Stealth        | |  1.5

Action                   || total
-------------------------++-------
 Cast: Foxfire           ||    25
       Scorch            ||     7
       Inner Flame       ||     1
Armor: Robe              ||     2
Dodge: Dodged            ||    10

Table legend: (Time is in decaauts)
 A = Elapsed time spent in this place.
 B = Non-inter-level travel time spent in this place.
 C = Inter-level travel time spent in this place.
 D = Time resting spent in this place.
 E = Time spent auto-exploring this place.
 F = Levels seen in this place.
 G = Mean time per level.
                   A        B        C        D        E       F      G
               +--------+--------+--------+--------+--------+-----+--------+
         Total |    876 |    876 |      0 |     52 |    684 |   1 |  876.0 |
       Dungeon |    876 |    876 |      0 |     52 |    684 |   1 |  876.0 |
               +--------+--------+--------+--------+--------+-----+--------+

Top non-repeatable levels by time:
     D:1: 876 daAuts
